Unix NetHack Version 3.7.0-97 Work-in-progress - last build Feb 9 2024 02:06:40 (6d6cdf8371b60126770a3d7b88910941cb14a054,branch:master). Game began 2024-02-25 12:39:19, ended 2024-02-25 12:49:35. Cloudmillion, lawful female human Valkyrie -------- |......| ------- |..(....### ----- |.....| |......| # |....#### |.....| -|-+-|-- # |...| ## |.....| ## # |...| # |.....| # ###)*... ###------------- #-.....-# # ----- #|............## #-------@ ## #|...........| # # ## # #...Z.........#### # # # #------------- ## ### ## ## # --------# # # ### |......|# # # #####|......-# ## ----.----------- #.%.....| #-------- |...........<..| |*.>...| )|......| |..............| -------- #).%%%%.| |.....`........| |.%.\..| ---------------- -------- Cloudmillion the Skirmisher St:18/02 Dx:12 Co:17 In:9 Wi:9 Ch:8 Lawful Dlvl:5 $:120 HP:0(49) Pw:14(14) AC:4 Xp:5 T:1281 Latest messages: The goblin is killed! The bugbear hits! The gnome wields 3 daggers! The hobgoblin misses! The bugbear hits! You stop. Your kitten is in the way! The hobgoblin wields an orcish dagger! The hobgoblin hits! The gnome misses! The bugbear hits! You stop. Your kitten is in the way! The hobgoblin misses! The hobgoblin thrusts his orcish dagger. The hobgoblin hits! The gnome hits! The bugbear hits! The gnome throws a dagger! The dagger hits the gnome! The gnome is killed! You kill the hobgoblin! The bugbear hits! The hobgoblin hits! The gnome hits! The bugbear hits! The hobgoblin picks up an orcish helm. The bugbear picks up 2 orcish daggers. What do you want to use or apply? [qCH or ?*] q In what direction? 1 The bugbear is blinded by the flash! The bugbear turns to flee. The hobgoblin hits! The hobgoblin picks up an orcish dagger. The bugbear wields 2 orcish daggers! The bugbear picks up an orcish helm. The kitten bites the hobgoblin. The hobgoblin thrusts his orcish dagger at the kitten. The hobgoblin misses the kitten. The kitten misses the hobgoblin. The hobgoblin picks up a dagger. The kitten eats a hobgoblin corpse. You see here a dart. You kill the acid blob! You are splashed by the acid blob's acid! You die... Do you want your possessions identified? [ynq] (y) y Do you want to see your attributes? [ynq] (y) y Do you want an account of creatures vanquished? [ynaq] (y) y Do you want a list of species genocided? [ynaq] (y) y Do you want to see your conduct and achievements? [ynq] (y) y Do you want to see the dungeon overview? [ynq] (y) y Inventory: Coins $ - 120 gold pieces Weapons b - a +0 dagger p - a blessed +1 orcish dagger a - a blessed +1 spear (weapon in left hand) Armor o - an uncursed +1 orcish helm (being worn) c - an uncursed +3 small shield (being worn) Comestibles r - a cursed banana h - an uncursed cram ration s - a cursed cram ration d - 8 uncursed food rations t - 3 cursed food rations l - an uncursed tripe ration Scrolls n - a cursed scroll of amnesia x - a cursed scroll of blank paper m - 2 uncursed scrolls of charging w - a cursed scroll of enchant weapon F - an uncursed scroll of remove curse i - an uncursed scroll of scare monster G - a cursed scroll of stinking cloud v - a cursed scroll of teleportation Potions z - a cursed potion of extra healing y - 2 blessed potions of healing g - a blessed potion of invisibility A - a cursed potion of levitation D - an uncursed potion of paralysis Rings e - an uncursed ring of fire resistance (on right hand) E - an uncursed ring of fire resistance B - a cursed ring of shock resistance Wands H - a blessed wand of enlightenment (0:12) C - a cursed wand of light (0:10) Tools q - an expensive camera (0:60) Cloudmillion the Valkyrie's attributes: Background: You were a Skirmisher, a level 5 human Valkyrie. You were lawful, on a mission for Tyr who was opposed by Odin (neutral) and Loki (chaotic). You were left-handed. You were in the Dungeons of Doom, on level 5. You entered the dungeon 1281 turns ago. There was a full moon in effect when your adventure ended. You had 266 experience points, 54 more were needed to attain level 6. Basics: You had 0 out of 49 hit points. You had all 14 energy points (spell power). Your armor class was 4. Your wallet contained 120 zorkmids. Autopickup was off. Final Characteristics: Your strength was 18/02 (limit:18/100). Your dexterity was 12 (limit:18). Your constitution was 17 (limit:18). Your intelligence was 9 (limit:18). Your wisdom was 9 (limit:18). Your charisma was 8 (limit:18). Final Status: You weren't hungry. You were unencumbered. You were wielding a spear. You had basic skill with spear. Final Attributes: You were devoutly aligned. You were fire resistant. Your items were protected from fire. You were cold resistant. You were telepathic. You were stealthy. You were lucky. You are dead. Miscellaneous: You encountered 1 bones level. Total elapsed playing time was 10 minutes and 15 seconds. Major events: Turn 1: Cloudmillion the lawful human Valkyrie entered the dungeon 368: entered the Gnomish Mines 863: attained the rank of Skirmisher (level 3) 977: destroyed Cloudmillion's ghost, the former Skirmisher 1258: performed her first genocide (disenchanters) 1281: killed by an acid blob Vanquished creatures: a ghost 6 bugbears a gnome leader a little dog a floating eye a rabid rat a wererat an acid blob 6 hobgoblins a giant rat a cave spider a red mold 5 gnomes a gnome zombie a gecko a fox 2 kobolds a goblin 3 sewer rats a grid bug 5 lichens 3 newts 45 creatures vanquished. Genocided species: disenchanters 1 species genocided. Voluntary challenges: You read items or engraved 2 times. You never engraved Elbereth. You genocided 1 type of monster. You never polymorphed an object. You never changed form. You used no wishes. Achievements: You entered the Gnomish Mines. You entered a shop. You attained the rank of Skirmisher. The Dungeons of Doom: levels 1 to 5 Level 1: Level 2: Stairs down to The Gnomish Mines. Level 3: A fountain. Level 4: Level 5: <- You were here. A throne. Final resting place for you, killed by an acid blob, Cloudmillion-Val-Hum-Fem-Law, killed by a rabid rat. The Gnomish Mines: Level 3: Game over: ---------- / \ / REST \ / IN \ / PEACE \ / \ | Cloudmillion | | 120 Au | | killed by an | | acid blob | | | | | | 2024 | *| * * * | * _________)/\\_//(\/(/\)/\//\/|_)_______ Farvel Cloudmillion the Valkyrie... You died in The Dungeons of Doom on dungeon level 5 with 1392 points, and 120 pieces of gold, after 1281 moves. You were level 5 with a maximum of 49 hit points when you died.